Get step-by-step instructions on how to execute this build order below. Start the game timer, and the build order will tick by so you can play in parallel with StarCraft on a second screen or mobile device.

Game Time

  0:00

Last Step

  N/A

Next Step

  12  0:04  Drone  

Upcoming Step

  12  0:13  Overlord  

Don't want to look back and forth between 2 screens? Try out our Overwolf App, the Spawning Tool Build Advisor to get an in-game overlay with this build!

Complete Build Order

  12  0:04  Drone  
  12  0:13  Overlord  
  12  0:18  Drone  
  12  0:34  Drone x2  
  12  0:41  Drone  
  12  0:49  Drone  
  12  0:56  Extractor  
  12  1:00  Drone  
  12  1:09  Drone  
  12  1:14  Hatchery  
  12  1:21  Drone  
  12  1:29  Spawning Pool  
  12  1:31  Drone  
  12  1:42  Drone  
  12  1:53  Drone  
  12  2:05  Overlord  
  12  2:15  Drone  
  12  2:22  Queen  
  12  2:32  Drone  
  12  2:33  Queen  
  12  2:37  Drone x2  
  12  2:48  Drone  
  12  3:00  Drone, Hatchery  
  12  3:03  Drone  
  12  3:07  Hatchery  
  12  3:10  Drone  
  12  3:17  Drone x2  
  12  3:18  Drone  
  12  3:26  Drone  
  12  3:31  Overlord  
  12  3:39  Drone  
  12  3:49  Overlord  
  12  4:00  Drone x4  
  12  4:09  Drone  
  12  4:15  Drone x4  
  12  4:21  Drone  
  12  4:23  Queen  
  12  4:26  Drone x2  
  12  4:27  Queen  
  12  4:42  Drone x2  
  12  4:46  Drone x2  
  12  4:50  Drone  
  12  4:51  Drone x4  
  12  4:54  Drone x3  
  12  4:56  Overlord  
  12  4:57  Overlord  
  12  4:58  Overlord  
  12  5:16  Drone x2  
  12  5:22  Drone x3  
  12  5:27  Drone x2  
  12  5:28  Drone